 Dungeon Crawl Stone Soup version 0.29-a0-559-g359e09b9d1 (webtiles) character file.

Game seed: 11381660152064436593

166 ZappyNine the Skirmisher (level 5, 0/34 (43) HPs)
             Began as a Barachi Fighter on June 9, 2022.
             Was an Initiate of Qazlal.
             Slain by a gnoll
             ... wielding a +0 halberd
              (5 damage)
             ... on level 4 of the Dungeon.
             The game lasted 00:03:29 (3246 turns).

ZappyNine the Skirmisher (Barachi Fighter)          Turns: 3246, Time: 00:03:29

HP:   0/34 (43)     AC:  8    Str: 19    XL:     5   Next: 47%
MP:   5/5           EV:  9    Int:  9    God:    Qazlal [......]
Gold: 169           SH:  4    Dex: 11    Spells: 4/4 levels left

rFire   . . .      SeeInvis .   a - +0 long sword
rCold   . . .      Faith    .   c - +0 buckler
rNeg    . . .      Spirit   .   b - +0 scale mail
rPois   .          Reflect  .   (no helmet)
rElec   .          Harm     .   v - scarf {+Inv}
rCorr   .          Rampage  .   (no gloves)
Will    .....                   q - +0 pair of boots
Stlth   ..........              (no amulet)
HPRegen 0.11/turn               (no ring)
MPRegen 0.09/turn               (no ring)

@: heavily drained, slow
A: amphibious, slowness 1, strong legs 1, +LOS
a: Hop, Renounce Religion, Evoke Invisibility


You were on level 4 of the Dungeon.
You worshipped Qazlal.
Qazlal was noncommittal.
You visited 2 branches of the dungeon, and saw 5 of its levels.

You collected 169 gold pieces.

Inventory:

Hand Weapons
 a - a +0 long sword (weapon)
 s - a +2 mace of protection
Armour
 b - a +0 scale mail (worn)
 c - a +0 buckler (worn)
 q - a +0 pair of boots (worn)
 v - a scarf of invisibility (worn)
Wands
 l - a wand of acid (9)
Scrolls
 e - 5 scrolls of identify {unknown}
 g - 2 scrolls of fog {unknown}
 i - a scroll of torment {unknown}
 j - a scroll of noise {unknown}
 k - a scroll of fear {unknown}
 o - a scroll of poison {unknown}
 r - a scroll of teleportation {unknown}
 w - a scroll of amnesia {unknown}
Potions
 f - 2 potions of heal wounds {unknown}
 h - a potion of magic {unknown}
 m - a potion of attraction {unknown}
 n - a potion of flight
 p - a potion of curing {unknown}
 t - a potion of haste {unknown}
 u - 2 potions of invisibility {unknown}


   Skills:
 + Level 4.8 Fighting
 - Level 3.4 Long Blades
 + Level 4.8 Armour
 + Level 4.3 Shields
 * Level 1.0 Evocations


You had 4 spell levels left.
You didn't know any spells.
Your spell library contained the following spells:

 Spells                   Type           Power      Damage    Failure   Level
 Magic Dart               Conj           0%         1d3       83%         1
 Sandblast                Erth           0%         2d4       83%         1
 Searing Ray              Conj           0%         2d4       92%         2
 Fulminant Prism          Conj/Hex       0%         3d6       100%        4


Dungeon Overview and Level Annotations

Branches:
Dungeon (4/15)             Temple (1/1) D:4

Altars:
Ashenzari
Cheibriados
Elyvilon
Fedhas
Gozag
Hepliaklqana
Kikubaaqudgha
Makhleb
Okawaru
Qazlal
Trog
Vehumet
Wu Jian
Xom
Yredelemnul


Innate Abilities, Weirdness & Mutations

You are amphibious.
You cover ground slowly.
You can hop short distances.
You have an extended range of vision and can be seen from far away.


Message History

You kneel at the altar of Qazlal.
Qazlal welcomes you!
Qazlal grants you and your divine allies immunity to clouds.
Unknown command.
Press < or > to pray at altars.
There is a staircase back to the Dungeon here.
You climb upwards.
Welcome back to the Dungeon!
There is a staircase to the Ecumenical Temple here.
The gnoll hits you from afar with a +0 halberd.
The gnoll hits you with a +0 halberd. The gnoll hits you but does no damage.
You block the gnoll's attack. The gnoll hits you but does no damage.
You barely miss the gnoll. The gnoll closely misses you.
The gnoll barely misses you. The gnoll closely misses you.
You closely miss the gnoll.
The gnoll hits you from afar with a +0 spear.
You block the gnoll's attack. The gnoll hits you but does no damage.
You slash the gnoll!
The gnoll is severely wounded.
You block the gnoll's attack.
The gnoll hits you from afar with a +0 spear.
The gnoll hits you from afar with a +0 halberd!
You closely miss the gnoll.
The gnoll is severely wounded.
The gnoll barely misses you. The gnoll hits you with a +0 halberd.
You block the gnoll's attack.
The gnoll hits you from afar with a +0 spear.
The gnoll barely misses you. The gnoll hits you with a +0 halberd.
You barely miss the gnoll.
The gnoll is severely wounded.
You block the gnoll's attack. The gnoll hits you with a +0 halberd.
* * * LOW HITPOINT WARNING * * *
The gnoll misses you.
The gnoll hits you from afar with a +0 halberd.
* * * LOW HITPOINT WARNING * * *
There are monsters nearby!
The gnoll closely misses you.
The gnoll hits you from afar with a +0 halberd.
* * * LOW HITPOINT WARNING * * *
The gnoll hits you from afar with a +0 halberd.
You die...

.....?...........###
......≈≈≈≈≈.....^...
....≈≈≈≈≈≈≈≈≈.....#
..≈≈≈≈≈(≈≈≈≈≈≈≈..#
.≈≈≈≈≈≈...≈≈≈≈≈≈.#
.≈≈≈≈≈≈.>.≈≈≈≈≈≈.#### #.#
.≈≈≈≈≈≈...≈≈≈≈≈≈.... #.#
.≈≈≈≈≈≈≈≈≈≈≈≈≈≈≈.# #.#
..≈≈≈≈≈≈≈@≈≈≈≈≈..# #.#
....≈≈≈≈≈≈≈≈≈....# #.#
......≈≈≈≈≈gg....# #.#
.........ggg.....# .# ##.#
..##.######.##.####.###..#
## #. #.#............. #
#.#...#.#.###.## #.....#.#
#.## ##......# # #.##


You could see 4 gnolls and a goblin.

Vanquished Creatures
  An iguana (D:4)
  6 adders
  3 worms
  A dart slug (D:1)
  An orc (D:4)
  9 endoplasms
  3 giant cockroaches
  5 goblins
  8 hobgoblins
  2 jackals (D:1)
  7 kobolds
  A quokka (D:1)
  5 ball pythons
  8 bats
  3 frilled lizards
  6 rats
69 creatures vanquished.

Notes
Turn   | Place    | Note
-------+----------+-------------------------------------------
     0 | D:1      | ZappyNine the Barachi Fighter began the quest for the Orb.
     0 | D:1      | Reached XP level 1. HP: 18/18 MP: 1/1
    37 | D:1      | Found a faded altar of an unknown god.
   100 | D:1      | Got Plato's Volume of Stones
   127 | D:1      | Reached XP level 2. HP: 24/25 MP: 2/2
   397 | D:1      | You fall into a shaft and drop 1 floor!
   442 | D:2      | Reached XP level 3. HP: 30/30 MP: 3/3
  1094 | D:2      | Reached XP level 4. HP: 35/37 MP: 4/4
  1817 | D:3      | Found a shimmering altar of Xom.
  1999 | D:3      | Reached XP level 5. HP: 43/43 MP: 5/5
  2466 | D:3      | Found a blossoming altar of Fedhas.
  2664 | D:4      | Reached skill level 1 in Evocations
  2767 | D:4      | HP: 2/43 [gnoll/+0 halberd (3)]
  2803 | D:4      | Found a staircase to the Ecumenical Temple.
  2813 | Temple   | Entered the Ecumenical Temple
  3226 | Temple   | Became a worshipper of Qazlal Stormbringer
  3246 | D:4      | Slain by a gnoll

Illustrated notes

Levels and vault maps discovered:
D:1:      lemuel_arrival_cross, layout_loops_ring,
          shapermc_ecumenical_altar_rom_forum, nrook_campfire
D:2:      layout_loops_corners, minmay_liquid_box
D:3:      layout_rooms, mainiacjoe_overflow_small_starburst,
          mainiacjoe_overflow_alcove_2, hangedman_decor_clover_reticule,
          minmay_fractal_squares_diagonal_5
D:4:      layout_loops_ring, lemuel_blue_sif_altar,
          mainiacjoe_overflow_tiny_flanked, temple_pool_b
Temple:   dshaligram_water_room_temple

Skill      XL: |  1  2  3  4  5 |
---------------+----------------+-----
Fighting       | 4 |  4.8
Armour         | 4 |  4.8
Long Blades    | 3 |  3.4
Shields        | 4 |  4.3
Evocations     | 1 |  1.0

Action                   |  1- 3 |  4- 6 || total
-------------------------+-------+-------++-------
Melee: Long sword        |   110 |    31 ||   141
       Mace              |       |    73 ||    73
 Abil: Hop               |       |     1 ||     1
       Evoke Invisibilit |       |     1 ||     1
  Use: Potion            |       |     2 ||     2
Armor: Scale mail        |    50 |    73 ||   123
Dodge: Dodged            |    56 |    72 ||   128
Block: Buckler           |    26 |    40 ||    66

Table legend: (Time is in decaauts)
 A = Elapsed time spent in this place.
 B = Non-inter-level travel time spent in this place.
 C = Inter-level travel time spent in this place.
 D = Time resting spent in this place.
 E = Time spent auto-exploring this place.
 F = Levels seen in this place.
 G = Mean time per level.
                   A        B        C        D        E       F      G
               +--------+--------+--------+--------+--------+-----+--------+
         Total |   3721 |   3523 |    198 |    349 |   2462 |   5 |  744.2 |
       Dungeon |   3291 |   3093 |    198 |      0 |   2462 |   4 |  822.8 |
        Temple |    430 |    430 |      0 |    349 |      0 |   1 |  430.0 |
               +--------+--------+--------+--------+--------+-----+--------+

Top non-repeatable levels by time:
     D:2: 1241 daAuts
     D:1: 890 daAuts
     D:3: 802 daAuts
  Temple: 430 daAuts
     D:4: 357 daAuts
